 Dungeon Sprint DCSS version 0.22-a0-772-gac08f70 (webtiles) character file.

278 Mamutox the Covert (level 6, -1/29 HPs)
             Began as a Spriggan Enchanter on July 17, 2018.
             Slain by a slime creature (20 damage)
             ... in the Dungeon (Sprint I: "Red Sonja").
             The game lasted 00:01:35 (240 turns).

Mamutox the Covert (Spriggan Enchanter)              Turns: 240, Time: 00:01:36

Health: -1/29      AC:  2    Str:  4    XL:     6   Next: 5%
Magic:  9/17       EV: 20    Int: 19    God:
Gold:   108        SH:  0    Dex: 16    Spells: 16/19 levels left

rFire    . . .     SeeInvis +   a - +1 dagger
rCold    . . .     Gourm    .   (shield restricted)
rNeg     . . .     Faith    .   b - +0 robe
rPois    .         Spirit   .   (helmet restricted)
rElec    .         Reflect  .   (no cloak)
rCorr    .         Harm     .   (gloves unavailable)
MR       +....     NoTele   +   (boots unavailable)
Stlth    +++++.....             (no amulet)
HPRegen  0.09/turn              (no ring)
MPRegen  0.15/turn              (no ring)

@: very quick
A: very small, unfitting armour, see invisible, herbivore, speed 3, slow
metabolism 2
a: no special abilities


You were in the Dungeon.
You were not hungry.

You visited 1 branch You collected 108 gold pieces.

Inventory:

Hand Weapons
 a - a +1 dagger (weapon)
Armour
 b - a +0 robe (worn)
Wands
 c - a wand of flame (29)
Scrolls
 j - a scroll of blinking
Potions
 e - a potion of curing
 f - a potion of heal wounds
 g - a potion of haste
 h - 2 potions of magic
Comestibles
 d - a ration


   Skills:
 - Level 0.5 Fighting
 + Level 5.3 Short Blades
 - Level 5.0 Dodging
 + Level 11.2 Stealth
 + Level 7.1 Spellcasting
 + Level 9.1 Hexes


You had 16 spell levels left.
You knew the following spells:

 Your Spells              Type           Power        Failure   Level  Hunger
a - Corona                Hex            #####..      1%          1    None
x - Ensorcelled Hibernat  Hex/Ice        ###...       2%          2    None

Your spell library contained the following spells:

 Spells                   Type           Power        Failure   Level  Hunger
 Confuse                  Hex            #####...     1%          3    #......
 Tukima's Dance           Hex            #####...     1%          3    #......
 Dazzling Spray           Conj/Hex       ###...       4%          3    #......


Dungeon Overview and Level Annotations

Branches:
Dungeon (1/1)

Altars:
Makhleb
Xom
Jiyva
Lugonu


Innate Abilities, Weirdness & Mutations

You are very small and have problems with some larger weapons.
You are too small for most types of armour.
You have supernaturally acute eyesight. (SInv)
You are a herbivore.
You cover ground extremely quickly.
You need to consume almost no food.


Message History

Confirm with . or Enter, or press ? or * to list all spells.
Aiming: Ensorcelled Hibernation (safe; 2% risk of failure)
Press: ? - help, Shift-Dir - straight line, f/p - slime creature
Aim: a slime creature (chance to defeat MR: 36%)
The slime creature easily resists.
The slime creature hits you!
Casting: Ensorcelled Hibernation (safe; 2% risk of failure)
Confirm with . or Enter, or press ? or * to list all spells.
Aiming: Ensorcelled Hibernation (safe; 2% risk of failure)
Press: ? - help, Shift-Dir - straight line, f/p - slime creature
Aim: a slime creature (chance to defeat MR: 36%)
The slime creature easily resists.
The slime creature completely misses you.
Casting: Ensorcelled Hibernation (safe; 2% risk of failure)
Confirm with . or Enter, or press ? or * to list all spells.
Aiming: Ensorcelled Hibernation (safe; 2% risk of failure)
Press: ? - help, Shift-Dir - straight line, f/p - slime creature
Aim: a slime creature (chance to defeat MR: 36%)
The slime creature easily resists.
The slime creature hits you!!
Ouch! That really hurt!
You die...

###################
#<.#..'..#.)'..#__#
#..').#.)'..#..@J.+
#..#####+#####+#__#
#..# ### #..# #..#
#⌠⌠# ####


You could see a slime creature.

Vanquished Creatures
  Sigmund (D)
  An ogre (D)
  Ijyb (D)
3 creatures vanquished.

Notes
Turn   | Place    | Note
-------+----------+-------------------------------------------
     0 | D        | Mamutox the Spriggan Enchanter began the quest for the Orb.
     0 | D        | Reached XP level 1. HP: 9/9 MP: 5/5
     1 | D        | Noticed Ijyb
    21 | D        | Killed Ijyb
    21 | D        | Reached skill level 6 in Stealth
    21 | D        | Reached skill level 5 in Hexes
    21 | D        | Reached XP level 2. HP: 9/13 MP: 5/7
    83 | D        | Learned a level 2 spell: Ensorcelled Hibernation
   165 | D        | Noticed an ogre
   168 | D        | Killed an ogre
   168 | D        | Reached skill level 5 in Dodging
   168 | D        | Reached skill level 9 in Stealth
   168 | D        | Reached XP level 3. HP: 17/17 MP: 8/10
   168 | D        | Reached XP level 4. HP: 21/21 MP: 8/11
   170 | D        | Noticed Sigmund
   173 | D        | Killed Sigmund
   173 | D        | Reached skill level 5 in Short Blades
   173 | D        | Reached skill level 11 in Stealth
   173 | D        | Reached XP level 5. HP: 25/25 MP: 8/15
   173 | D        | Reached XP level 6. HP: 29/29 MP: 9/17
   235 | D        | Found a burning altar of Makhleb.
   235 | D        | Found a viscous altar of Jiyva.
   235 | D        | Found a shimmering altar of Xom.
   235 | D        | Found a corrupted altar of Lugonu.
   235 | D        | Noticed a slime creature
   240 | D        | Slain by a slime creature

Vault maps used:
D:        dungeon_sprint_1

Skill      XL: |  1  2  3  4 |
---------------+-------------+-----
Stealth        | 6 9 11 | 11.2
Spellcasting   | 3 4 7 |  7.1
Hexes          | 5 7 9 |  9.1
Short Blades   | 2 5 |  5.3
Dodging        | 5 |  5.0
Fighting       | |  0.5

Action                   |  1- 3 |  4- 6 || total
-------------------------+-------+-------++-------
Melee: Dagger            |    11 |     1 ||    12
 Cast: Ensorcelled Hiber |       |     4 ||     4
  Use: Potion            |     1 |       ||     1
 Stab: Sleeping          |     2 |     1 ||     3
Armor: Robe              |     2 |       ||     2
Dodge: Dodged            |     5 |     1 ||     6

Table legend:
 A = Spawn XP
 B = Non-spawn XP
 C = Spawn XP percentage of total XP
 D = Spawn monster count
 E = Non-spawn monster count
 F = Spawn count percentage of total count
 G = Total turns spent on level
                    A         B        C        D         E        F      G
               +---------+---------+-------+---------+---------+-------+---------
         Total |       0 |     398 |   0.0 |       0 |       3 |   0.0 |   240
               +---------+---------+-------+---------+---------+-------+---------
             D |       0 |     398 |   0.0 |       0 |       3 |   0.0 |   240
               +---------+---------+-------+---------+---------+-------+---------
